SAAA
PURE MICHIGAN GREAT LAKERS @ SCRANTON SUPERNOVAS
06/08/2029
 
TOP OF THE 1ST
Pure Michigan Great Lakers batting - Pitching for Scranton Supernovas : RHP Pedro Rodríguez
Pitching: RHP Pedro Rodríguez
Batting: RHB Sixto Estrada 0-0: Ball
1-0: Fly out, F8 (Flyball, 8LXD)
Batting: LHB Alexis Raimbault 0-0: Called Strike
0-1: Ball
1-1: Ball
2-1: Swinging Strike
2-2: Foul Ball, location: 2F
2-2: Ball
3-2: Base on Balls
Batting: LHB Lance Antle 0-0: Ball
1-0: Grounds into double play, 6-4-3 (Groundball, 6)
Top of the 1st over - 0 runs, 0 hits, 0 errors, 0 left on base; Pure Michigan 0 - Scranton 0
BOTTOM OF THE 1ST
Scranton Supernovas batting - Pitching for Pure Michigan Great Lakers : RHP Ryan Bentley
Pitching: RHP Ryan Bentley
Batting: RHB Keith MacKey 0-0: Swinging Strike
0-1: Ball
1-1: Ball
2-1: Swinging Strike
2-2: Ball
3-2: Base on Balls
Batting: RHB Kevin Malone 0-0: Ball
1-0: Called Strike
1-1: Ball
2-1: Foul Ball, location: 2F
2-2: Foul Ball, location: 2F
2-2: Ball
3-2: Ground out 5-3 (Groundball, 5)
Keith MacKey to second
Batting: RHB Phil Moore 0-0: Ground out 1-3 (Groundball, 15)
Batting: RHB Felipe Bruno 0-0: Foul Ball, location: 2F
0-1: Foul Ball, location: 2F
0-2: Ball
Wild Pitch!
Keith MacKey to third
1-2: Foul Ball, location: 2F
1-2: Ball
2-2: Foul Ball, location: 2F
2-2: Ground out 6-3 (Groundball, 4MD)
Bottom of the 1st over - 0 runs, 0 hits, 0 errors, 1 left on base; Pure Michigan 0 - Scranton 0
TOP OF THE 2ND
Pure Michigan Great Lakers batting - Pitching for Scranton Supernovas : RHP Pedro Rodríguez
Batting: RHB Takashi Miike 0-0: Ball
1-0: Called Strike
1-1: Foul Ball, location: 2F
1-2: Ball
2-2: Ball
3-2: SINGLE (Line Drive, 56D)
Batting: RHB Steve Hilburn 0-0: Swinging Strike
0-1: Ball
1-1: Foul Ball, location: 2F
1-2: Foul Ball, location: 2F
1-2: DOUBLE (Line Drive, 7LD)
Takashi Miike to third
Runner from 3rd tries for Home, SAFE, no throw
Batting: RHB Thomas Vaughan 0-0: Ground out U3 (Groundball, 34S)
Steve Hilburn to third
Batting: RHB Steve Irwin 0-0: Ball
1-0: Foul Ball, location: 2F
1-1: Swinging Strike
1-2: Strikes out swinging
Batting: SHB Ryan Forrest 0-0: DOUBLE (Line Drive, 9D)
Steve Hilburn scores
Batting: RHB Ramiro Gonzáles 0-0: Swinging Strike
0-1: Ground out U3 (Groundball, 3)
Top of the 2nd over - 2 runs, 3 hits, 0 errors, 1 left on base; Pure Michigan 2 - Scranton 0
BOTTOM OF THE 2ND
Scranton Supernovas batting - Pitching for Pure Michigan Great Lakers : RHP Ryan Bentley
Batting: RHB Martín Álvarez 0-0: Called Strike
0-1: Ball
1-1: Ball
2-1: Foul Ball, location: 2F
2-2: Ground out 4-3 (Groundball, 4S)
Batting: RHB Eddie Sachs 0-0: Foul Ball, location: 2F
0-1: Ball
1-1: Swinging Strike
1-2: Strikes out looking
Batting: RHB Michael Walker 0-0: Called Strike
0-1: Ball
1-1: Ball
2-1: Foul Ball, location: 2F
2-2: Ball
3-2: Ground out 5-3 (Groundball, 5)
Bottom of the 2nd over - 0 runs, 0 hits, 0 errors, 0 left on base; Pure Michigan 2 - Scranton 0
TOP OF THE 3RD
Pure Michigan Great Lakers batting - Pitching for Scranton Supernovas : RHP Pedro Rodríguez
Batting: RHB Sixto Estrada 0-0: Ball
1-0: Ball
2-0: Called Strike
2-1: Called Strike
2-2: Strikes out looking
Batting: LHB Alexis Raimbault 0-0: Ball
1-0: Ball
2-0: Swinging Strike
2-1: Ball
3-1: Foul Ball, location: 2F
3-2: Ground out 4-3 (Groundball, 4)
Batting: LHB Lance Antle 0-0: Called Strike
0-1: Ball
1-1: Foul Ball, location: 2F
1-2: Ball
2-2: Ball
3-2: Foul Ball, location: 2F
3-2: Strikes out looking
Top of the 3rd over - 0 runs, 0 hits, 0 errors, 0 left on base; Pure Michigan 2 - Scranton 0
BOTTOM OF THE 3RD
Scranton Supernovas batting - Pitching for Pure Michigan Great Lakers : RHP Ryan Bentley
Batting: LHB José Pacheco 0-0: Called Strike
0-1: Ball
1-1: Foul Ball, location: 2F
1-2: Foul Ball, location: 2F
1-2: Fly out, F4 (Popup, 4)
Batting: LHB José Cordero 0-0: Ball
1-0: Fly out, F9 (Flyball, 9S)
Batting: RHB Keith MacKey 0-0: Ball
1-0: Ball
2-0: Ball
3-0: Called Strike
3-1: Called Strike
3-2: Base on Balls
Batting: RHB Kevin Malone 0-0: Foul Ball, location: 2F
0-1: Ball
1-1: Ground out U3 (Groundball, 3L)
Bottom of the 3rd over - 0 runs, 0 hits, 0 errors, 1 left on base; Pure Michigan 2 - Scranton 0
TOP OF THE 4TH
Pure Michigan Great Lakers batting - Pitching for Scranton Supernovas : RHP Pedro Rodríguez
Batting: RHB Takashi Miike 0-0: Ball
1-0: Ball
2-0: Foul Ball, location: 2F
2-1: Foul Ball, location: 2F
2-2: Ball
3-2: Base on Balls
Batting: RHB Steve Hilburn 0-0: Called Strike
0-1: Ball
1-1: Ball
2-1: Foul Ball, location: 2F
2-2: Foul Ball, location: 2F
2-2: Ball
3-2: Base on Balls
Takashi Miike to second
Batting: RHB Thomas Vaughan 0-0: Foul Ball, location: 2F
0-1: SINGLE (Flyball, 9S)
Takashi Miike to third
Steve Hilburn to second
Batting: RHB Steve Irwin 0-0: Ball
1-0: Ball
2-0: Called Strike
2-1: Ball
3-1: Base on Balls
Takashi Miike scores
Steve Hilburn to third
Thomas Vaughan to second
Batting: SHB Ryan Forrest 0-0: Swinging Strike
0-1: Swinging Strike
0-2: DOUBLE (Line Drive, 78D)
Steve Hilburn scores
Thomas Vaughan scores
Steve Irwin to third
Batting: RHB Ramiro Gonzáles 0-0: Foul Ball, location: 2F
0-1: Called Strike
0-2: DOUBLE (Line Drive, 9LD)
Steve Irwin scores
Ryan Forrest scores
Batting: RHB Sixto Estrada 0-0: Foul Ball, location: 2F
0-1: SINGLE (Groundball, 4MD)
Ramiro Gonzáles to third
Batting: LHB Alexis Raimbault 0-0: Foul Ball, location: 2F
0-1: TRIPLE (Flyball, 9D)
Ramiro Gonzáles scores
Sixto Estrada scores
Batting: LHB Lance Antle 0-0: Fly out, F9 (Flyball, 9D)
Runner from 3rd tags up, SCORES, no throw
Batting: RHB Takashi Miike 0-0: Called Strike
0-1: Ball
1-1: SINGLE (Groundball, 4MD)
Batting: RHB Steve Hilburn 0-0: Ball
1-0: Fly out, F6 (Popup, 6)
Batting: RHB Thomas Vaughan 0-0: Ball
1-0: Fly out, F5 (Popup, 25F)
Top of the 4th over - 8 runs, 6 hits, 0 errors, 1 left on base; Pure Michigan 10 - Scranton 0
BOTTOM OF THE 4TH
Scranton Supernovas batting - Pitching for Pure Michigan Great Lakers : RHP Ryan Bentley
Batting: RHB Phil Moore 0-0: Ball
1-0: Called Strike
1-1: Ground out 5-3 (Groundball, 56S)
Batting: RHB Felipe Bruno 0-0: Called Strike
0-1: Ball
1-1: Swinging Strike
1-2: Foul Ball, location: 2F
1-2: Strikes out swinging
Batting: RHB Martín Álvarez 0-0: Ground out U3 (Groundball, 3L)
Bottom of the 4th over - 0 runs, 0 hits, 0 errors, 0 left on base; Pure Michigan 10 - Scranton 0
TOP OF THE 5TH
Pure Michigan Great Lakers batting - Pitching for Scranton Supernovas : RHP Pedro Rodríguez
Batting: RHB Steve Irwin 0-0: Called Strike
0-1: SINGLE (Groundball, 56D)
Batting: SHB Ryan Forrest 0-0: Called Strike
0-1: Ground out 6-3 (Groundball, 6MD)
Steve Irwin to second
Batting: RHB Ramiro Gonzáles 0-0: Ball
1-0: Ball
2-0: Ball
3-0: Called Strike
3-1: SINGLE (Groundball, 6D)
Steve Irwin to third
Pitching: RHP Frank Bryant
Batting: RHB Sixto Estrada 0-0: Called Strike
0-1: Called Strike
0-2: Ball
1-2: Strikes out swinging
Batting: LHB Alexis Raimbault 0-0: Fly out, F8 (Flyball, 78XD)
Top of the 5th over - 0 runs, 2 hits, 0 errors, 2 left on base; Pure Michigan 10 - Scranton 0
BOTTOM OF THE 5TH
Scranton Supernovas batting - Pitching for Pure Michigan Great Lakers : RHP Ryan Bentley
Batting: RHB Eddie Sachs 0-0: Ball
1-0: Ball
2-0: Fly out, F3 (Popup, 3S)
Batting: RHB Michael Walker 0-0: Ball
1-0: Ground out U3 (Groundball, 34)
Batting: LHB José Pacheco 0-0: Foul Ball, location: 2F
0-1: Ball
1-1: Foul Ball, location: 2F
1-2: Ball
2-2: Foul Ball, location: 2F
2-2: Strikes out swinging
Bottom of the 5th over - 0 runs, 0 hits, 0 errors, 0 left on base; Pure Michigan 10 - Scranton 0
TOP OF THE 6TH
Pure Michigan Great Lakers batting - Pitching for Scranton Supernovas : RHP Frank Bryant
Batting: LHB Lance Antle 0-0: Called Strike
0-1: Ball
1-1: Fly out, F7 (Flyball, 7)
Batting: RHB Takashi Miike 0-0: Ball
1-0: Called Strike
1-1: Ball
2-1: Ball
3-1: Fly out, F7 (Flyball, 7LS)
Batting: RHB Steve Hilburn 0-0: Ball
1-0: Ground out 5-3 (Groundball, 56)
Top of the 6th over - 0 runs, 0 hits, 0 errors, 0 left on base; Pure Michigan 10 - Scranton 0
BOTTOM OF THE 6TH
Scranton Supernovas batting - Pitching for Pure Michigan Great Lakers : RHP Ryan Bentley
Batting: LHB José Cordero 0-0: Ball
1-0: Swinging Strike
1-1: Ground out U3 (Groundball, 3)
Batting: RHB Keith MacKey 0-0: Called Strike
0-1: Foul Ball, location: 2F
0-2: Ball
1-2: Foul Ball, location: 2F
1-2: Ball
2-2: DOUBLE (Groundball, 5L)
Batting: RHB Kevin Malone 0-0: Called Strike
0-1: Ball
1-1: Ball
2-1: Fly out, F7 (Line Drive, 7S)
Batting: RHB Phil Moore 0-0: Fly out, F9 (Flyball, 9)
Bottom of the 6th over - 0 runs, 1 hit, 0 errors, 1 left on base; Pure Michigan 10 - Scranton 0
TOP OF THE 7TH
Pure Michigan Great Lakers batting - Pitching for Scranton Supernovas : RHP Frank Bryant
Batting: RHB Thomas Vaughan 0-0: Called Strike
0-1: Ball
1-1: Foul Ball, location: 2F
1-2: Ball
2-2: Strikes out swinging
Batting: RHB Steve Irwin 0-0: Called Strike
0-1: Foul Ball, location: 2F
0-2: Ball
1-2: Ball
2-2: Fly out, F8 (Flyball, 8LS)
Batting: SHB Ryan Forrest 0-0: Ball
1-0: Called Strike
1-1: Ball
2-1: DOUBLE (Groundball, 3L) - OUT at third base trying to stretch hit.
Top of the 7th over - 0 runs, 1 hit, 0 errors, 0 left on base; Pure Michigan 10 - Scranton 0
BOTTOM OF THE 7TH
Scranton Supernovas batting - Pitching for Pure Michigan Great Lakers : RHP Ryan Bentley
Batting: RHB Felipe Bruno 0-0: Foul Ball, location: 2F
0-1: Foul Ball, location: 2F
0-2: Ball
1-2: Strikes out swinging
Batting: RHB Martín Álvarez 0-0: Ground out 1-3 (Groundball, P)
Batting: RHB Eddie Sachs 0-0: Called Strike
0-1: Swinging Strike
0-2: Strikes out looking
Bottom of the 7th over - 0 runs, 0 hits, 0 errors, 0 left on base; Pure Michigan 10 - Scranton 0
TOP OF THE 8TH
Pure Michigan Great Lakers batting - Pitching for Scranton Supernovas : RHP Frank Bryant
Batting: RHB Ramiro Gonzáles 0-0: Hit by Pitch
Pinch Runner at 1st Bob Barlow:
Batting: RHB Sixto Estrada 0-0: Ball
1-0: Ball
2-0: Ball
3-0: Base on Balls
Bob Barlow to second
Pinch Hitting: RHB Roberto Hernández 0-0: Fly out, F6 (Line Drive, 6)
Lined into DP, 6-4 (Line Drive, 6)
Batting: LHB Lance Antle 0-0: Called Strike
0-1: Ball
1-1: Ball
2-1: Foul Ball, location: 2F
2-2: Foul Ball, location: 2F
2-2: Foul Ball, location: 2F
2-2: Foul Ball, location: 2F
2-2: Ball
3-2: Foul Ball, location: 2F
3-2: Foul Ball, location: 2F
3-2: Base on Balls
Sixto Estrada to second
Batting: RHB Takashi Miike 0-0: Called Strike
0-1: Foul Ball, location: 2F
0-2: Ball
1-2: Ball
2-2: Ball
3-2: Base on Balls
Sixto Estrada to third
Lance Antle to second
Batting: RHB Steve Hilburn 0-0: Ground out 4-3 (Groundball, 34)
Top of the 8th over - 0 runs, 0 hits, 0 errors, 3 left on base; Pure Michigan 10 - Scranton 0
BOTTOM OF THE 8TH
Scranton Supernovas batting - Pitching for Pure Michigan Great Lakers : RHP Ryan Bentley
Pitching: LHP Kent Scalici
Now at C: Bob Barlow
Now at 1B: Roberto Hernández
Batting: RHB Michael Walker 0-0: Ball
1-0: Called Strike
1-1: Ball
2-1: Foul Ball, location: 2F
2-2: Ball
3-2: Base on Balls
Batting: LHB José Pacheco 0-0: Ball
1-0: Foul Ball, location: 2F
1-1: Ball
2-1: Foul Ball, location: 2F
2-2: Foul Ball, location: 2F
2-2: Strikes out looking
Batting: LHB José Cordero 0-0: Ball
1-0: Swinging Strike
1-1: Ball
2-1: Ball
3-1: Fly out, F9 (Line Drive, 89M)
Batting: RHB Keith MacKey 0-0: Ball
1-0: Called Strike
1-1: Fly out, F4 (Popup, 4)
Bottom of the 8th over - 0 runs, 0 hits, 0 errors, 1 left on base; Pure Michigan 10 - Scranton 0
TOP OF THE 9TH
Pure Michigan Great Lakers batting - Pitching for Scranton Supernovas : RHP Frank Bryant
Batting: RHB Thomas Vaughan 0-0: Swinging Strike
0-1: Called Strike
0-2: Ball
1-2: Ball
2-2: Ball
3-2: Fly out, F8 (Flyball, 8RM)
Batting: RHB Steve Irwin 0-0: Ball
1-0: Ball
2-0: Called Strike
2-1: Foul Ball, location: 2F
2-2: Foul Ball, location: 2F
2-2: Foul Ball, location: 2F
2-2: Ball
3-2: Fly out, F9 (Flyball, 9S)
Batting: SHB Ryan Forrest 0-0: Ball
1-0: Ball
2-0: Ball
3-0: Base on Balls
Batting: RHB Bob Barlow 0-0: Ball
1-0: Called Strike
1-1: DOUBLE (Groundball, 5L)
Ryan Forrest to third
Runner from 3rd tries for Home, SAFE, no throw
Batting: RHB Sixto Estrada 0-0: Foul Ball, location: 2F
0-1: Ground out 4-3 (Groundball, 34D)
Top of the 9th over - 1 run, 1 hit, 0 errors, 1 left on base; Pure Michigan 11 - Scranton 0
BOTTOM OF THE 9TH
Scranton Supernovas batting - Pitching for Pure Michigan Great Lakers : LHP Kent Scalici
Batting: RHB Kevin Malone 0-0: Called Strike
0-1: Ball
1-1: Ball
2-1: Foul Ball, location: 2F
2-2: Ball
3-2: Fly out, F4 (Popup, 23)
Batting: RHB Phil Moore 0-0: Called Strike
0-1: Ball
1-1: Fly out, F3 (Popup, 3SF)
Batting: RHB Felipe Bruno 0-0: Called Strike
0-1: Called Strike
0-2: Strikes out swinging
Bottom of the 9th over - 0 runs, 0 hits, 0 errors, 0 left on base; Pure Michigan 11 - Scranton 0
Tuesday, December 19th, 2017 - OOTP Baseball 18.8 Build 76